 Dungeon Crawl Stone Soup version 0.28-a0-1518-gbe868bca14 (webtiles) character file.

Game seed: 17929456333490993733

2296 shadowrider38 the Slicer (level 9, 0/54 HPs)
             Began as a Kobold Fighter on Jan 17, 2022.
             Was a Priest of Okawaru.
             Slain by Joseph (8 damage)
             ... on level 7 of the Dungeon.
             The game lasted 00:12:42 (10483 turns).

shadowrider38 the Slicer (Kobold Fighter)          Turns: 10483, Time: 00:12:43

Health: 0/54       AC: 10    Str: 18    XL:     9   Next: 67%
Magic:  9/9        EV: 11    Int:  9    God:    Okawaru [***...]
Gold:   358        SH:  6    Dex: 14    Spells: 8/8 levels left

rFire   . . .      SeeInvis .   a - +4 dagger
rCold   . . .      Faith    +   c - +0 buckler
rNeg    . . .      Spirit   .   f - +2 ring mail {Will+}
rPois   .          Reflect  .   p - +0 helmet
rElec   .          Harm     .   (no cloak)
rCorr   .          Rampage  .   q - +0 pair of gloves
Will    +....                   (no boots)
Stlth   ++........              C - amulet of faith
HPRegen 0.18/turn               (no ring)
MPRegen 0.11/turn               (no ring)

@: no status effects
A: small, no large weapons, nightstalker 3
a: Renounce Religion, Heroism


You were on level 7 of the Dungeon.
You worshipped Okawaru.
Okawaru was most pleased with you.
You visited 2 branches of the dungeon, and saw 8 of its levels.

You collected 358 gold pieces.

Inventory:

Hand Weapons
 a - a +4 dagger (weapon)
 s - a +0 rapier
Missiles
 k - 229 stones (quivered)
 A - 9 poisoned darts
Armour
 c - a +0 buckler (worn)
 f - a +2 ring mail of willpower (worn)
 p - a +0 helmet (worn)
 q - a +0 pair of gloves (worn)
 w - a +2 leather armour of cold resistance
Jewellery
 C - an amulet of faith (around neck)
Wands
 v - a wand of polymorph (1)
 B - a wand of flame (22)
Scrolls
 d - a scroll of identify
 g - a scroll of teleportation
 j - a scroll of amnesia
 m - a scroll of blinking
 n - a scroll of fear
 o - a scroll of holy word
 u - 4 scrolls of silence
 y - a scroll of magic mapping {unknown}
Potions
 b - 2 potions of haste
 e - 2 potions of degeneration
 h - 2 potions of lignification {unknown}
 i - 2 potions of flight
 l - 2 potions of curing
 r - 2 potions of brilliance
 t - 2 potions of attraction
 x - a potion of invisibility
 z - a potion of resistance


   Skills:
 + Level 5.0 Fighting
 - Level 14.0 Short Blades
 + Level 3.7 Armour
 + Level 3.7 Shields


You had 8 spell levels left.
You didn't know any spells.
Your spell library contained the following spells:

 Spells                   Type           Power      Damage    Failure   Level
 Frozen Ramparts          Ice            0%         1d2       97%         3
 Gell's Gravitas          Tloc           0%         N/A       97%         3
 Teleport Other           Tloc           0%         N/A       97%         3
 Ice Form                 Ice/Tmut       0%         N/A       100%        4
 Dispersal                Tloc           0%         N/A       100%        6
 Borgnjor's Revivificati  Necr           0%         N/A       100%        8
 Necromutation            Tmut/Necr      0%         N/A       100%        8
 Death's Door             Necr           0%         N/A       100%        9
 Summon Ice Beast         Ice/Summ       Unusable   N/A       N/A         4

Dungeon Overview and Level Annotations

Branches:
Dungeon (7/15)             Temple (1/1) D:4

Altars:
Ashenzari
Cheibriados
Dithmenos
Elyvilon
Fedhas
Gozag
Hepliaklqana
Kikubaaqudgha
Makhleb
Nemelex Xobeh
Okawaru
Qazlal
Ru
Sif Muna
Trog
Uskayaw
Vehumet
Wu Jian
Xom
Yredelemnul
Zin
The Shining One

Shops:
D:6 :

Annotations:
D:7 Dowan, Joseph


Innate Abilities, Weirdness & Mutations

You are small and have problems with some larger weapons.
You are completely attuned to the shadows.


Message History

You block Joseph's attack.
You barely miss Joseph.
Joseph is lightly wounded.
Joseph hits you with a +2 quarterstaff of speed.
You hit Joseph.
Joseph is moderately wounded.
You barely miss Joseph.
Joseph is moderately wounded.
You block Joseph's attack.
You closely miss Joseph.
Joseph is moderately wounded.
Joseph hits you with a +2 quarterstaff of speed.
You barely miss Joseph.
Joseph is moderately wounded.
Joseph hits you with a +2 quarterstaff of speed!
You hit Joseph but do no damage.
Joseph is moderately wounded.
Joseph hits you but does no damage.
Okay, then.
Unknown command.
Unknown command.
That's the wrong kind of item! (Use * to select it.) Evoke which item? (* to show all) (? for menu, Esc to quit)
Okay, then.
Unknown command.
Aiming: Throw Flame
Press: ? - help, Shift-Dir - straight line, f - Joseph
Aim: Joseph, wielding a +2 quarterstaff of speed, wearing a +0 leather armour and quivering sling bullets (moderately wounded, 68% to hit)
The puff of flame hits Joseph.
Joseph is moderately wounded.
Joseph hits you with a +2 quarterstaff of speed!
* * * LOW HITPOINT WARNING * * *
Aiming: Throw Flame
Press: ? - help, Shift-Dir - straight line, f/p - Joseph
Aim: Joseph, wielding a +2 quarterstaff of speed, wearing a +0 leather armour and quivering sling bullets (moderately wounded, 68% to hit)
The puff of flame hits Joseph!
Joseph is heavily wounded.
Joseph says, "I'm happy to see you. And I'll be happy to kill you."
Joseph hits you with a +2 quarterstaff of speed!
You die...

#.........##....##.
#.........##....##.
#....##...##.......
#...>###'###.......
#>................. ###
#.................. #######.#
#......."..........
#<......######.................
#.e..>..#...##@.......########.
#..h....#.....@.......##. ..##†
#[......+...............@ .....
#.......#...........†.... .....
#......####'##........... .....
#......##...##........##. .####
#.....................# ###.
#......................# #...
#......................# #...


You could see Joseph.

Vanquished Creatures
  A hornet (D:7)
  Prince Ribbit (D:7)
  Duvessa (D:7)
  A sky beast (D:7)
  An ice beast (D:6)
  2 ogres
  A necrophage (D:4)
  A phantom (D:6)
  A kobold brigand (D:7)
  A wyvern zombie (D:6)
  A bullfrog (D:7)
  A wyvern skeleton (D:7)
  A howler monkey (D:6)
  3 bullfrog zombies
  A jelly (D:7)
  A centaur zombie (D:4)
  A bullfrog skeleton (D:3)
  3 hounds
  A centaur skeleton (D:4)
  3 orc priests
  3 iguanas
  Ijyb (D:4)
  6 orc wizards
  A killer bee zombie (D:7)
  A hound zombie (D:4)
  A howler monkey skeleton (D:4)
  7 adders
  A gnoll (D:1)
  A shadow imp (D:6)
  2 white imps
  An ufetubus (D:5)
  4 adder zombies (D:4)
  2 adder skeletons (D:4)
  4 worms
  A dart slug (D:2)
  29 orcs
  4 bats
  9 endoplasms
  4 giant cockroaches
  6 goblins
  4 hobgoblins
  17 jackals
  12 kobolds
  4 quokkas
  8 ball pythons
  2 frilled lizards (D:3)
  3 rats
165 creatures vanquished.

Vanquished Creatures (others)
  30 plants (D:3)
  A withered plant (D:4)
31 creatures vanquished.

Grand Total: 196 creatures vanquished

Notes
Turn   | Place    | Note
-------+----------+-------------------------------------------
     0 | D:1      | shadowrider38 the Kobold Fighter began the quest for the
                  | Orb.
     0 | D:1      | Reached XP level 1. HP: 14/14 MP: 1/1
    52 | D:1      | Found a faded altar of an unknown god.
    63 | D:1      | Reached skill level 3 in Short Blades
    63 | D:1      | Reached XP level 2. HP: 12/19 MP: 2/2
    69 | D:1      | Reached skill level 4 in Short Blades
   395 | D:1      | Reached XP level 3. HP: 22/23 MP: 3/3
  1320 | D:2      | Reached skill level 5 in Short Blades
  1652 | D:2      | Reached XP level 4. HP: 18/28 MP: 4/4
  1883 | D:2      | Reached skill level 6 in Short Blades
  2773 | D:3      | Reached XP level 5. HP: 32/32 MP: 5/5
  2865 | D:3      | Reached skill level 7 in Short Blades
  3116 | D:3      | Noticed a water elemental
  3117 | D:3      | Found a stormy altar of Qazlal.
  3117 | D:3      | Noticed a fire elemental
  3120 | D:3      | Noticed an air elemental
  3285 | D:3      | Reached XP level 6. HP: 17/37 MP: 6/6
  3679 | D:3      | Reached skill level 8 in Short Blades
  4052 | D:4      | Found a staircase to the Ecumenical Temple.
  4073 | Temple   | Entered the Ecumenical Temple
  4147 | Temple   | Became a worshipper of Warmaster Okawaru
  4390 | D:4      | Reached skill level 9 in Short Blades
  4435 | D:4      | Noticed an ogre
  4566 | D:4      | Killed an ogre
  4567 | D:4      | Reached XP level 7. HP: 25/41 MP: 7/7
  4999 | D:4      | Reached * piety under Okawaru
  5160 | D:4      | Reached skill level 10 in Short Blades
  5437 | D:5      | Entered Level 5 of the Dungeon
  5506 | D:4      | Noticed Ijyb
  5539 | D:4      | Killed Ijyb
  5547 | D:4      | Reached skill level 11 in Short Blades
  5595 | D:5      | Reached XP level 8. HP: 46/46 MP: 8/8
  5728 | D:5      | Noticed Sigmund
  5734 | D:5      | Noticed Sigmund
  5734 | D:5      | Sigmund changed into Sigmund the worm
  5742 | D:5      | Killed Sigmund the worm
  7006 | D:6      | Reached skill level 12 in Short Blades
  7377 | D:6      | Found Wit Murr's Book Emporium.
  7435 | D:6      | Reached ** piety under Okawaru
  7825 | D:6      | Reached skill level 13 in Short Blades
  7865 | D:6      | HP: 1/46 [wyvern zombie (5)]
  8726 | D:7      | Noticed Joseph
  8827 | D:7      | Reached XP level 9. HP: 51/51 MP: 9/9
  8844 | D:7      | Noticed a hornet
  8857 | D:7      | Killed a hornet
  8858 | D:7      | Reached skill level 14 in Short Blades
  8961 | D:7      | Noticed Duvessa
  9201 | D:7      | Noticed Prince Ribbit
  9220 | D:7      | Killed Prince Ribbit
  9220 | D:7      | Reached *** piety under Okawaru
  9510 | D:7      | Noticed Dowan
 10275 | D:7      | Killed Duvessa
 10276 | D:7      | Reached skill level 5 in Fighting
 10483 | D:7      | Slain by Joseph

Illustrated notes

Levels and vault maps discovered:
D:1:      lightli_arrival_chessboard, layout_basic,
          hellmonk_ecumenical_altar_lost_god
D:2:      layout_basic
D:3:      layout_loops_ring, nicolae_qazlal_style_of_elements,
          kennysheep_nondescript, serial_bayou_lagoon_a, minivault_11,
          grunt_decor_one_mirror
D:4:      layout_cave_pools, minmay_temple_entry_butterflies, serial_undead,
          serial_undead_d, serial_undead_a, serial_undead_d, serial_undead_e,
          serial_undead_c, serial_undead_a, serial_undead_f, minmay_hedge_maze,
          minmay_distorted, uniq_ijyb
D:5:      layout_basic, nicolae_sextant, uniq_sigmund
D:6:      layout_basic, serial_shops, shop, patterned_corridor
D:7:      layout_gridville, minmay_misc_feat_rows, uniq_joseph,
          uniq_prince_ribbit1, uniq_duvessa
Temple:   dpeg_three_leaves_temple

Skill      XL: |  1  2  3  4  5  6  7  8  9 |
---------------+----------------------------+-----
Short Blades   | 3 4 5 6 7 9 11 13 14 | 14.0
Fighting       | 5 |  5.0
Shields        | 3 |  3.7
Armour         | 3 |  3.7

Action                   |  1- 3 |  4- 6 |  7- 9 || total
-------------------------+-------+-------+-------++-------
Melee: Rapier            |    78 |   128 |       ||   206
       Dagger            |       |   127 |   524 ||   651
Throw: Stone             |       |       |     2 ||     2
Invok: Heroism           |       |       |     1 ||     1
Evoke: Wand              |       |       |     8 ||     8
  Use: Scroll            |       |    10 |     5 ||    15
       Potion            |       |       |     3 ||     3
 Stab: Sleeping          |     4 |     6 |     2 ||    12
       Distracted        |       |     1 |     1 ||     2
Armor: Scale mail        |     3 |       |       ||     3
       Ring mail         |    26 |    81 |   111 ||   218
Dodge: Dodged            |    38 |   119 |   172 ||   329
Block: Buckler           |    15 |    47 |    95 ||   157

Table legend: (Time is in decaauts)
 A = Elapsed time spent in this place.
 B = Non-inter-level travel time spent in this place.
 C = Inter-level travel time spent in this place.
 D = Time resting spent in this place.
 E = Time spent auto-exploring this place.
 F = Levels seen in this place.
 G = Mean time per level.
                   A        B        C        D        E       F      G
               +--------+--------+--------+--------+--------+-----+--------+
         Total |  10220 |   9708 |    512 |   2735 |   5337 |   8 | 1277.5 |
       Dungeon |  10140 |   9640 |    500 |   2735 |   5286 |   7 | 1448.6 |
        Temple |     80 |     68 |     12 |      0 |     51 |   1 |   80.0 |
               +--------+--------+--------+--------+--------+-----+--------+

Top non-repeatable levels by time:
     D:6: 1901 daAuts
     D:3: 1689 daAuts
     D:7: 1534 daAuts
     D:4: 1290 daAuts
     D:1: 1278 daAuts
     D:5: 1232 daAuts
     D:2: 1213 daAuts
  Temple: 80 daAuts
